 Dungeon Crawl Stone Soup version 0.25-a0-310-g60f0ac2d9a (webtiles) character file.

Game seed: 3935660449023633547, levelgen mode: classic

230 Borgoz the Skirmisher (level 6, -2/39 HPs)
             Began as a Gargoyle Fighter on Dec 23, 2019.
             Slain by a worm (5 damage)
             ... on level 4 of the Dungeon.
             The game lasted 00:02:09 (1835 turns).

Borgoz the Skirmisher (Gargoyle Fighter)            Turns: 1835, Time: 00:02:10

Health: -2/39      AC: 11    Str: 19    XL:     6   Next: 3%
Magic:  6/6        EV:  8    Int:  9    God:
Gold:   103        SH:  9    Dex: 11    Spells: 5/5 levels left

rFire    . . .     SeeInvis .   a - +0 flail
rCold    . . .     Gourm    +   c - +0 shield
rNeg     + . .     Faith    .   b - +0 scale mail
rPois    ∞         Spirit   .   (no helmet)
rElec    +         Reflect  .   (no cloak)
rCorr    .         Harm     .   (no gloves)
MR       .....                  (no boots)
Stlth    ..........             m - amulet of the gourmand
HPRegen  0.13/turn              (no ring)
MPRegen  0.10/turn              (no ring)

@: no status effects
A: negative energy resistance 1, electricity resistance, unbreathing,
petrification resistance, rot immunity, AC +4
a: no special abilities


You were on level 4 of the Dungeon.
You were not hungry.

You visited 1 branch of the dungeon, and saw 4 of its levels.

You collected 103 gold pieces.

Inventory:

Hand Weapons
 a - a +0 flail (weapon)
Armour
 b - a +0 scale mail (worn)
 c - a +0 shield (worn)
Jewellery
 m - an amulet of the gourmand (around neck)
Scrolls
 e - 4 scrolls of teleportation {unknown}
 h - a scroll of enchant armour {unknown}
 i - 4 scrolls of amnesia {unknown}
 l - a scroll of fear {unknown}
 q - a scroll of identify {unknown}
 r - a scroll of remove curse {unknown}
Potions
 d - 2 potions of might
 j - a potion of brilliance {unknown}
 k - a potion of resistance {unknown}
 n - a potion of flight {unknown}
 o - a potion of heal wounds {unknown}
 p - a potion of mutation {unknown}
Comestibles
 f - 9 rations
 g - 5 chunks of flesh


   Skills:
 * Level 4.7 Fighting
 * Level 3.5 Maces & Flails
 * Level 4.7 Armour
 + Level 1.4 Dodging
 - Level 3.2 Shields


You had 5 spell levels left.
You didn't know any spells.
Your spell library was empty.

Dungeon Overview and Level Annotations

Branches:
Dungeon (4/15)
 Temple: D:4-7

Altars:
Qazlal
Zin


Innate Abilities, Weirdness & Mutations

You are resistant to torment.
Your stone body is resilient. (AC +4)
You are immune to poison.
You resist negative energy. (rN+)
You are resistant to electric shocks. (rElec)
You can survive without breathing.
You are immune to petrification.
You are immune to rotting.


Message History

The ogre is almost dead.
The ogre hits you with a +0 giant spiked club!
* * * LOW HITPOINT WARNING * * *
You hit the ogre.
You kill the ogre!
You have reached level 6!
Your experience leads to an increase in your attributes!
Increase (S)trength, (I)ntelligence, or (D)exterity?
You feel agile. The worm bites you.
* * * LOW HITPOINT WARNING * * *
You hit the worm.
The worm is lightly wounded.
You block the worm's attack.
Your shield and scale mail prevent you from hitting the worm.
The worm is lightly wounded.
You barely miss the worm.
The worm is lightly wounded.
The worm bites you.
You die...

... #.. ..##......
....###.#
#..............#.#..
###...........#.......
#.......(##...#.......
## #....................
.$.#....................
....).)..%..............
#.w@......##......##
#..........#........ #
#..........#.......# .#.
#...................
....#.......#...........
........(...##.......(..
........##......#.......
...#.....#......#.....##
..##.....#.###........#


You could see a worm.

Vanquished Creatures
  An ogre (D:4)
  2 hounds
  An adder (D:3)
  3 worms (D:3)
  A dart slug (D:1)
  4 leopard geckos
  8 orcs (D:3)
  A ball python (D:2)
  5 bats
  A giant cockroach (D:1)
  5 goblins
  7 hobgoblins
  3 jackals (D:1)
  A frilled lizard (D:3)
  6 kobolds
  6 rats
55 creatures vanquished.

Notes
Turn   | Place    | Note
-------+----------+-------------------------------------------
     0 | D:1      | Borgoz the Gargoyle Fighter began the quest for the Orb.
     0 | D:1      | Reached XP level 1. HP: 14/14 MP: 1/1
   119 | D:1      | Reached XP level 2. HP: 17/19 MP: 2/2
   418 | D:1      | Reached XP level 3. HP: 21/24 MP: 3/3
   649 | D:2      | Found a stormy altar of Qazlal.
   651 | D:2      | Noticed an air elemental
   651 | D:2      | Noticed an earth elemental
   652 | D:2      | Noticed a fire elemental
   652 | D:2      | Noticed a water elemental
   721 | D:2      | Found a glowing silver altar of Zin.
  1205 | D:3      | Reached XP level 4. HP: 22/29 MP: 4/4
  1538 | D:3      | Reached skill level 1 in Dodging
  1630 | D:3      | Reached XP level 5. HP: 29/33 MP: 5/5
  1823 | D:4      | Noticed an ogre
  1832 | D:4      | Killed an ogre
  1832 | D:4      | Reached XP level 6. HP: 6/39 MP: 6/6
  1835 | D:4      | Slain by a worm

Levels and vault maps discovered:
D:1:      minmay_arrival_stair_chambers, layout_basic
D:2:      layout_rooms, nicolae_qazlal_style_of_elements, zin_academy,
          dk_noncrumbling_4
D:3:      layout_loops_ring, first_ration
D:4:      layout_cave_pools, uniq_blork_the_orc

Skill      XL: |  1  2  3  4 |
---------------+-------------+-----
Armour         | 4 |  4.7
Fighting       | 4 |  4.7
Maces & Flails | 3 |  3.5
Dodging        | 1 |  1.4
Shields        | |  3.2

Action                   |  1- 3 |  4- 6 || total
-------------------------+-------+-------++-------
Melee: Flail             |   104 |    82 ||   186
  Eat: Chunk             |     1 |     2 ||     3
Armor: Scale mail        |    46 |    30 ||    76
Dodge: Dodged            |    25 |    26 ||    51
Block: Shield            |    49 |    43 ||    92

Table legend:
 A = Non-vault XP
 B = Vault XP
 C = Vault XP percentage of total XP
 D = Non-vault monster count
 E = Vault monster count
 F = Vault count percentage of total count
                 A         B        C        D         E       F
            +---------+---------+-------+---------+---------+-------
      Total |     329 |       0 |   0.0 |      55 |       0 |   0.0
            +---------+---------+-------+---------+---------+-------
        D:1 |      37 |       0 |   0.0 |      18 |       0 |   0.0
        D:2 |      12 |       0 |   0.0 |       7 |       0 |   0.0
        D:3 |     121 |       0 |   0.0 |      28 |       0 |   0.0
        D:4 |     159 |       0 |   0.0 |       2 |       0 |   0.0
            +---------+---------+-------+---------+---------+-------
